 Dungeon Crawl Stone Soup version 0.31-a0-202-g547052bce9 (webtiles) character file.

Game seed: 92659236116075530

1057 qw the Skirmisher (level 8, -3/46 HPs)
             Began as a Deep Elf Hunter on June 26, 2023.
             Was an Initiate of Okawaru.
             Slain by Prince Ribbit (9 damage)
             ... on level 6 of the Dungeon.
             The game lasted 00:02:05 (5085 turns).

qw the Skirmisher (Deep Elf Hunter)                 Turns: 5085, Time: 00:02:06

Health: -3/46      AC:  5    Str:  5    XL:     8   Next: 6%
Magic:  10/10      EV: 14    Int: 19    God:    Okawaru [......]
Gold:   351        SH:  0    Dex: 18    Spells: 7/7 levels left

rFire   . . .        n - +1 orcbow
rCold   + + +        (shield currently unavailable)
rNeg    . . .        a - +1 robe "Jurphy" {rC+++ Str-5 Int+4 Slay+3}
rPois   .            k - +0 helmet
rElec   .            (no cloak)
rCorr   .            l - +0 pair of gloves
SInv    .            (no boots)
Will    .....        (no amulet)
Stlth   ++           (no ring)
HPRegen 0.27/turn    (no ring)
MPRegen 0.12/turn

%: no passive effects
@: no status effects
A: no striking features
a: Renounce Religion


You were on level 6 of the Dungeon.
You worshipped Okawaru.
Okawaru was noncommittal.
You visited 2 branches of the dungeon, and saw 7 of its levels.

You collected 351 gold pieces.


   Skills:
 - Level 3.0 Fighting
 - Level 12.0 Ranged Weapons
 + Level 4.3 Dodging
 - Level 1.2 Stealth


You had 7 spell levels left.
You didn't know any spells.
Your spell library was empty.

Inventory:

Hand Weapons
 n - a +1 orcbow (weapon)
Armour
 a - the +1 robe "Jurphy" (worn) {rC+++ Str-5 Int+4 Slay+3}
   (You found it on level 2 of the Dungeon)

   Str:       It affects your strength (-5).
   Int:       It affects your intelligence (+4).
   Slay:      It affects your accuracy & damage with ranged weapons and melee
   (+3).
   rC:        It renders you almost immune to cold.
 k - a +0 helmet (worn)
 l - a +0 pair of gloves (worn)
 m - a +0 ring mail
Scrolls
 i - a scroll of identify
Potions
 b - a potion of haste {unknown}
 c - a potion of mutation
 d - a potion of enlightenment
 f - 4 potions of curing
 g - a potion of degeneration {unknown}
 h - a potion of attraction {unknown}
 j - a potion of heal wounds

Dungeon Overview and Level Annotations

Branches:
Dungeon (6/15)             Temple (1/1) D:6

Altars:
Ashenzari
Cheibriados
Dithmenos
Elyvilon
Fedhas
Gozag
Hepliaklqana
Kikubaaqudgha
Makhleb
Nemelex Xobeh
Okawaru
Qazlal
Ru
Sif Muna
Trog
Uskayaw
Vehumet
Xom
Yredelemnul
Zin
The Shining One

Annotations:
D:6 Prince Ribbit


Message History

You shoot an arrow. The arrow closely misses Prince Ribbit.
Prince Ribbit hits you!
You shoot an arrow. The arrow hits Prince Ribbit.
Prince Ribbit is lightly wounded.
Prince Ribbit misses you.
You shoot an arrow. The arrow closely misses Prince Ribbit.
Prince Ribbit closely misses you.
Prince Ribbit hits you but does no damage.
You shoot an arrow. The arrow misses Prince Ribbit.
Prince Ribbit closely misses you.
You shoot an arrow. The arrow hits Prince Ribbit!
Prince Ribbit is heavily wounded.
Prince Ribbit hits you but does no damage.
You shoot an arrow. The arrow closely misses Prince Ribbit.
Prince Ribbit hits you. Prince Ribbit barely misses you.
You shoot an arrow. The arrow hits Prince Ribbit.
Prince Ribbit is heavily wounded.
Prince Ribbit hits you.
You shoot an arrow. The arrow closely misses Prince Ribbit.
Prince Ribbit misses you.
You shoot an arrow. The arrow misses Prince Ribbit.
Prince Ribbit hits you!
You shoot an arrow. The arrow misses Prince Ribbit.
Prince Ribbit barely misses you. Prince Ribbit misses you.
You shoot an arrow. The arrow closely misses Prince Ribbit.
Prince Ribbit hits you.
You shoot an arrow. The arrow barely misses Prince Ribbit.
Prince Ribbit misses you.
You shoot an arrow. The arrow misses Prince Ribbit.
Prince Ribbit blinks!
You shoot an arrow. The arrow hits Prince Ribbit!
Prince Ribbit is almost dead.
Prince Ribbit blinks!
You shoot an arrow. The arrow hits Prince Ribbit.
Prince Ribbit is almost dead.
You shoot an arrow. The arrow misses Prince Ribbit.
Prince Ribbit hits you!
You shoot an arrow. The arrow misses Prince Ribbit.
Prince Ribbit hits you. Prince Ribbit hits you!
You die...

#. ##.###..... .# #
#.....#.#.## ..
###...###.#..# .#
#...###...##.##.#
#.#........#....#
#...##..>..##...#
#.#..#........#.#
..#.#.##...###F..#
...###...#.###.@..##
### #.##.#.#....#.#
#.. ..........# ##
#.#.#...###
#...#..## ## #.. #..
#..


You could see Prince Ribbit.

Vanquished Creatures
  A sky beast (D:3)
  A phantom (D:5)
  2 scorpions (D:4)
  A howler monkey (D:4)
  3 hounds
  3 orc priests
  5 iguanas
  3 orc wizards
  14 gnolls
  9 adders
  An ufetubus (D:5)
  6 worms
  3 dart slugs
  13 orcs
  3 ball pythons
  4 bats
  9 endoplasms
  2 giant cockroaches
  4 goblins
  9 hobgoblins
  2 jackals (D:4)
  6 quokkas
  2 frilled lizards
  10 kobolds
  4 rats
  A spectral orc (D:5)
121 creatures vanquished.

Notes
Turn   | Place    | Note
-------+----------+-------------------------------------------
     0 | D:1      | qw the Deep Elf Hunter began the quest for the Orb.
     0 | D:1      | Reached XP level 1. HP: 12/12 MP: 3/3
     0 | D:1      | 0 ||| qw: Version: 0.3-a-22-g0ed2b0b
     0 | D:1      | 0 ||| qw: Game counter: 5902
     0 | D:1      | 0 ||| qw: Melee chars always use a shield: true
     0 | D:1      | 0 ||| qw: God list: Okawaru
     0 | D:1      | 0 ||| qw: Allow faded altars: false
     0 | D:1      | 0 ||| qw: Do Orc after clearing Dungeon:15 true
     0 | D:1      | 0 ||| qw: Do second Lair branch before Depths: true
     0 | D:1      | 0 ||| qw: Lair rune preference: random
     0 | D:1      | 0 ||| qw: Goals: Normal
     0 | D:1      | 0 ||| PLANNING D:1-11
   160 | D:1      | HP: 3/12 [endoplasm (3)]
   256 | D:1      | Reached XP level 2. HP: 16/16 MP: 4/4
   305 | D:1      | Reached skill level 6 in Ranged Weapons
   924 | D:1      | 924 ||| UPGRADING to +0 helmet.
   929 | D:1      | 929 ||| UPGRADING to +0 ring mail.
   939 | D:1      | 939 ||| DROPPING +0 leather armour.
   940 | D:1      | 940 ||| READING scroll labelled GEGITER ITAYR.
   941 | D:1      | 941 ||| READING scroll labelled YCIPHAMP JOIK.
   942 | D:1      | 942 ||| READING 2 scrolls labelled ZEGIR APNO.
   943 | D:1      | 943 ||| READING scroll labelled NIUGEZI POSE.
   944 | D:1      | 944 ||| READING scroll labelled INEDAR REDEM.
   945 | D:1      | 945 ||| DRINKING 2 bubbling puce potions.
   946 | D:1      | 946 ||| DROPPING scroll of butterflies.
  1012 | D:2      | Reached XP level 3. HP: 19/20 MP: 5/5
  1173 | D:2      | Reached skill level 7 in Ranged Weapons
  1470 | D:2      | 1470 ||| DROPPING ring of flight.
  1603 | D:2      | 1603 ||| STAIRDANCE
  1640 | D:2      | Identified the +1 robe "Jurphy" {rC+++ Str-5 Int+4 Slay+3}
  1731 | D:2      | Reached XP level 4. HP: 25/25 MP: 6/6
  1748 | D:2      | 1748 ||| UPGRADING to +1 robe "Jurphy" {rC+++ Str-5 Int+4
                  | Slay+3}.
  2092 | D:3      | Noticed a sky beast
  2103 | D:3      | Killed a sky beast
  2104 | D:3      | Reached skill level 9 in Ranged Weapons
  2104 | D:3      | Reached XP level 5. HP: 14/29 MP: 7/7
  2289 | D:3      | Reached skill level 3 in Dodging
  2299 | D:3      | 2299 ||| FLEEEEING.
  2300 | D:3      | 2300 ||| FLEEEEING.
  2301 | D:3      | 2301 ||| FLEEEEING.
  2302 | D:3      | 2302 ||| FLEEEEING.
  2303 | D:3      | 2303 ||| FLEEEEING.
  2304 | D:3      | 2304 ||| FLEEEEING.
  2305 | D:3      | 2305 ||| FLEEEEING.
  2306 | D:3      | 2306 ||| FLEEEEING.
  2307 | D:3      | 2307 ||| FLEEEEING.
  2308 | D:3      | 2308 ||| FLEEEEING.
  2309 | D:3      | 2309 ||| FLEEEEING.
  2310 | D:3      | 2310 ||| FLEEEEING.
  2311 | D:3      | 2311 ||| FLEEEEING.
  2312 | D:3      | 2312 ||| FLEEEEING.
  2313 | D:3      | 2313 ||| FLEEEEING.
  2314 | D:3      | 2314 ||| FLEEEEING.
  2315 | D:3      | 2315 ||| FLEEEEING.
  2316 | D:3      | 2316 ||| FLEEEEING.
  2317 | D:3      | 2317 ||| FLEEEEING.
  2318 | D:3      | 2318 ||| FLEEEEING.
  2319 | D:3      | 2319 ||| FLEEEEING.
  2320 | D:3      | 2320 ||| FLEEEEING.
  2321 | D:3      | 2321 ||| STAIRDANCE
  2370 | D:2      | 2370 ||| UPGRADING to +0 pair of gloves.
  2375 | D:2      | 2375 ||| READING scroll labelled XEIPHUETSI.
  2376 | D:2      | 2376 ||| READING scroll labelled MOUFEA XANG.
  2379 | D:2      | 2379 ||| READING scroll labelled BISHUCILUPP.
  2611 | D:3      | Reached XP level 6. HP: 35/35 MP: 8/8
  2962 | D:3      | Found a white marble altar of Elyvilon.
  3024 | D:3      | 3024 ||| READING scroll labelled ALONNUATHAH.
  3140 | D:4      | Reached skill level 10 in Ranged Weapons
  3158 | D:4      | Reached XP level 7. HP: 29/40 MP: 9/9
  3292 | D:4      | 3292 ||| FLEEEEING.
  3293 | D:4      | 3293 ||| FLEEEEING.
  3294 | D:4      | 3294 ||| FLEEEEING.
  3295 | D:4      | 3295 ||| FLEEEEING.
  3296 | D:4      | 3296 ||| FLEEEEING.
  3297 | D:4      | 3297 ||| FLEEEEING.
  3298 | D:4      | 3298 ||| FLEEEEING.
  3299 | D:4      | 3299 ||| FLEEEEING.
  3300 | D:4      | 3300 ||| FLEEEEING.
  3301 | D:4      | 3301 ||| FLEEEEING.
  3302 | D:4      | 3302 ||| FLEEEEING.
  3303 | D:4      | 3303 ||| FLEEEEING.
  3310 | D:4      | 3310 ||| STAIRDANCE
  3393 | D:3      | 3393 ||| DROPPING amulet of magic regeneration.
  3394 | D:3      | 3394 ||| READING scroll labelled PETUTOU VOALI.
  3440 | D:4      | 3440 ||| SWAPPING to +0 orcbow.
  3441 | D:4      | 3441 ||| DROPPING +1 shortbow.
  3442 | D:4      | 3442 ||| READING scroll of enchant weapon.
  3442 | D:4      | 3442 ||| ENCHANTING +0 orcbow.
  3559 | D:4      | 3559 ||| Stepping ~*~*~tactically~*~*~ (outnumbered).
  3564 | D:4      | 3564 ||| Stepping ~*~*~tactically~*~*~ (outnumbered).
  3566 | D:4      | 3566 ||| Stepping ~*~*~tactically~*~*~ (outnumbered).
  3599 | D:4      | Reached skill level 11 in Ranged Weapons
  3785 | D:4      | 3785 ||| READING 2 scrolls of identify.
  3785 | D:4      | 3785 ||| IDENTIFYING brown potion
  3786 | D:4      | 3786 ||| DROPPING potion of brilliance.
  3803 | D:5      | Entered Level 5 of the Dungeon
  4406 | D:5      | Reached skill level 12 in Ranged Weapons
  4460 | D:5      | Found a basalt altar of Yredelemnul.
  4651 | D:5      | 4651 ||| READING 4 scrolls of identify.
  4651 | D:5      | 4651 ||| IDENTIFYING black potion
  4652 | D:5      | 4652 ||| READING 3 scrolls of identify.
  4652 | D:5      | 4652 ||| IDENTIFYING blue potion
  4653 | D:5      | 4653 ||| READING 2 scrolls of identify.
  4653 | D:5      | 4653 ||| IDENTIFYING fuming brown potion
  4654 | D:5      | 4654 ||| DROPPING potion of invisibility.
  4700 | D:6      | 4700 ||| STAIRDANCE
  4750 | D:6      | 4750 ||| STAIRDANCE
  4820 | D:6      | Found a hide-covered altar of Uskayaw.
  4846 | D:6      | Reached XP level 8. HP: 45/45 MP: 10/10
  4908 | D:6      | Found a staircase to the Ecumenical Temple.
  4909 | D:6      | 4909 ||| PLANNING TEMPLE
  4909 | D:6      | 4909 ||| DRINKING 2 dark potions.
  4916 | Temple   | Entered the Ecumenical Temple
  4918 | Temple   | 4918 ||| PLANNING OKAWARU WORSHIP
  5041 | Temple   | Became a worshipper of Warmaster Okawaru
  5042 | Temple   | 5042 ||| PLANNING D:1-11
  5061 | D:6      | Reached skill level 3 in Fighting
  5062 | D:6      | Noticed Prince Ribbit
  5085 | D:6      | HP: 6/46 [Prince Ribbit (6)]
  5085 | D:6      | Slain by Prince Ribbit

Levels and vault maps discovered:
D:1:      sevenhm_arrival_forest_fort_small_3, layout_basic
D:2:      kennysheep_six_static_rooms, layout_basic
D:3:      layout_basic, nicolae_elyvilon_temple_path, chequers_garden
D:4:      layout_cave_pools
D:5:      layout_cave_pods, yredelemnul_forgotten_temple_becter
D:6:      layout_loops_ring, eat_drink_and_be_merry_uskayaw,
          minmay_temple_entry_slanted, serial_shops,
          nicolae_shop_tiny_real_fake_doors, uniq_prince_ribbit1
Temple:   nicolae_temple_two_arcs

Skill      XL: |  1  2  3  4  5  6  7  8 |
---------------+-------------------------+-----
Ranged Weapons | 6 7 9 10 12 | 12.0
Dodging        | 3 4 |  4.3
Fighting       | 2 3 |  3.0
Stealth        | |  1.2

Action                     |  1- 3 |  4- 6 |  7- 9 || total
---------------------------+-------+-------+-------++-------
   Fire: Shortbow          |   153 |   141 |    19 ||   313
         Orcbow            |       |       |   121 ||   121
    Use: Scroll            |     5 |     4 |     6 ||    15
         Potion            |     1 |       |     1 ||     2
 Armour: Leather armour    |     7 |       |       ||     7
         Ring mail         |    13 |       |       ||    13
         Robe              |       |    11 |     6 ||    17
  Dodge: Dodged            |    36 |    22 |    28 ||    86

Table legend:
 A = Non-vault XP
 B = Vault XP
 C = Vault XP percentage of total XP
 D = Non-vault monster count
 E = Vault monster count
 F = Vault count percentage of total count
                 A         B        C        D         E       F
            +---------+---------+-------+---------+---------+-------
      Total |    1486 |      24 |   1.6 |     114 |       7 |   5.8
            +---------+---------+-------+---------+---------+-------
        D:1 |      34 |       0 |   0.0 |      20 |       0 |   0.0
        D:2 |      41 |      23 |  35.9 |      17 |       6 |  26.1
        D:3 |     320 |       0 |   0.0 |      23 |       0 |   0.0
        D:4 |     634 |       0 |   0.0 |      38 |       0 |   0.0
        D:5 |     301 |       1 |   0.3 |       9 |       1 |  10.0
        D:6 |     156 |       0 |   0.0 |       7 |       0 |   0.0
            +---------+---------+-------+---------+---------+-------
